 Dungeon Crawl Stone Soup version 0.31.0-11-ge490571c62 (webtiles) character file.

Game seed: 16335359160155534937

604 Ashen the Sneak (level 7, -1/51 HPs)
             Began as a Gnoll Enchanter on Feb 2, 2024.
             Slain by Dowan
             ... wielding a +0 dagger of venom
              (6 damage)
             ... on level 4 of the Dungeon.
             The game lasted 00:08:33 (3974 turns).

Ashen the Sneak (Gnoll Enchanter)                   Turns: 3974, Time: 00:08:34

Health: -1/51      AC:  3    Str:  8    XL:     7   Next: 42%
Magic:  3/15       EV: 14    Int: 14    God:
Gold:   166        SH:  0    Dex: 14    Spells: 6/17 levels left

rFire   . . .        o - +2 rapier (speed)
rCold   . . .        (no shield)
rNeg    . . .        b - +0 robe
rPois   .            m - +0 helmet
rElec   .            (no cloak)
rCorr   .            (no gloves)
SInv    .            (no boots)
Will    .....        n - amulet of regeneration
Stlth   +++          h - ring of wizardry
HPRegen 1.08/turn    (no ring)
MPRegen 0.14/turn

%: wizardry (x1)
@: invisible
A: fangs 1, strong nose, distributed training
a: no special abilities


You were on level 4 of the Dungeon.
You visited 1 branch of the dungeon, and saw 4 of its levels.

You collected 166 gold pieces.

Inventory:

Hand Weapons
 a - a +1 dagger
 o - a +2 rapier of speed (weapon)
Armour
 b - a +0 robe (worn)
 m - a +0 helmet (worn)
Jewellery
 h - a ring of wizardry (left hand)
 n - an amulet of regeneration (around neck)
Scrolls
 d - 6 scrolls of identify {unknown}
 f - a scroll of amnesia {unknown}
 g - a scroll of revelation {unknown}
 i - a scroll of summoning {unknown}
 j - a scroll of noise {unknown}
 k - a scroll of fear {unknown}
 q - a scroll of silence {unknown}
Potions
 e - 2 potions of curing {unknown}
 l - a potion of haste {unknown}
 p - a potion of attraction {unknown}
 r - a potion of ambrosia {unknown}


   Skills:
 + Level 2.6 Fighting
 + Level 3.7 Short Blades
 + Level 2.6 Long Blades
 + Level 2.6 Axes
 + Level 2.6 Maces & Flails
 + Level 2.6 Polearms
 + Level 2.6 Staves
 + Level 2.6 Ranged Weapons
 + Level 2.6 Throwing
 + Level 2.6 Armour
 + Level 5.3 Dodging
 + Level 6.5 Stealth
 + Level 2.6 Shields
 + Level 2.6 Unarmed Combat
 + Level 5.6 Spellcasting
 + Level 2.1 Conjurations
 + Level 5.9 Hexes
 + Level 2.1 Summonings
 + Level 2.1 Necromancy
 + Level 2.1 Translocations
 + Level 2.1 Fire Magic
 + Level 2.1 Ice Magic
 + Level 2.1 Air Magic
 + Level 2.1 Earth Magic
 + Level 2.1 Alchemy
 + Level 2.9 Invocations
 + Level 2.6 Evocations
 + Level 2.3 Shapeshifting


You had 6 spell levels left.
You knew the following spells:

 Your Spells              Type           Power      Damage    Failure   Level
a - Ensorcelled Hibernat  Hex/Ice        30%        N/A       1%          2
b - Confusing Touch       Hex            20%        N/A       1%          3
c - Tukima's Dance        Hex            20%        N/A       1%          3
d - Dazzling Flash        Conj/Hex       30%        N/A       4%          3

Your spell library contained the following spells:

 Spells                   Type           Power      Damage    Failure   Level


Dungeon Overview and Level Annotations

Branches:
Dungeon (4/15)
 Temple: D:4-7

Altars:
Ashenzari
Trog

Shops:
D:4 *

Annotations:
D:3 2 runed translucent doors, Skimidon's ghost, amateur FoAl
D:4 Dowan


Innate Abilities, Weirdness & Mutations

You have very sharp teeth.
Your uncanny sense of smell can sniff out nearby items.
Your experience applies equally to all skills.


Message History

You catch the helpless Duvessa completely off-guard!
You puncture Duvessa!
Duvessa is severely wounded.
Duvessa seems less confused.
Duvessa hits you with a +0 short sword!
You barely miss Duvessa.
Duvessa is severely wounded.
Casting: Confusing Touch (safe; 1% risk of failure)
Confirm with . or Enter, or press ? or * to list all spells.
Your hands begin to glow red.
Duvessa barely misses you.
You closely miss Duvessa.
Duvessa is severely wounded.
Duvessa hits you with a +0 short sword!
You barely miss Duvessa.
Duvessa is severely wounded.
Duvessa completely misses you.
Dowan casts a spell at Duvessa.
Duvessa seems to speed up.
You hit Duvessa but do no damage. You bite Duvessa, but do no damage.
Duvessa is severely wounded.
Duvessa closely misses you.
You hit Duvessa but do no damage.
Duvessa appears confused.
Duvessa is severely wounded.
Duvessa hits you with a +0 short sword.
* * * LOW HITPOINT WARNING * * *
You hit Duvessa.
Duvessa is almost dead.
Duvessa hits you with a +0 short sword!
* * * LOW HITPOINT WARNING * * *
You hit Duvessa.
You kill Duvessa!
Dowan screams, "No!
Oh no!"
Dowan seems to find hidden reserves of power!
You hit Dowan.
Dowan is heavily wounded.
Dowan hits you with a +0 dagger of venom.
* * * LOW HITPOINT WARNING * * *
You fade into invisibility!
Dowan barely misses you.
Dowan hits you with a +0 dagger of venom.
You die...

#...............
###........#####..
#.'........##.....
#.#........##.....
#.#.........#.....
#(#.........#.....
#.######....#.....
#.# #......#.....
#@# #......#....#
#e# #......#.....
#.# ##......#...#.
#.# #.......+.....
#.# #.......#.....
#.# #.......###...
#.# #.......###...
#.# #.............
#.###.............


You could see Dowan (fast, unable to see you).

Vanquished Creatures
  Grinder (D:4)
  Duvessa (D:4)
  A scorpion (D:3)
  A jelly (D:4)
  2 bombardier beetles (D:4)
  Robin (D:3)
  3 gnolls
  3 adders (D:2)
  A ribbon worm (D:1)
  A dart slug (D:3)
  6 orcs (D:3)
  3 bats
  6 endoplasms
  14 goblins
  13 hobgoblins
  7 jackals (D:3)
  3 quokkas
  3 ball pythons
  2 frilled lizards (D:3)
  5 kobolds
  4 rats
81 creatures vanquished.

Notes
Turn   | Place    | Note
-------+----------+-------------------------------------------
     0 | D:1      | Ashen the Gnoll Enchanter began the quest for the Orb.
     0 | D:1      | Reached XP level 1. HP: 13/13 MP: 6/6
   105 | D:1      | Found a faded altar of an unknown god.
   212 | D:1      | Reached XP level 2. HP: 19/19 MP: 7/7
   215 | D:1      | Learned a level 2 spell: Ensorcelled Hibernation
  1087 | D:2      | Reached skill level 6 in Stealth
  1087 | D:2      | Reached skill level 5 in Spellcasting
  1087 | D:2      | Reached XP level 3. HP: 25/25 MP: 7/9
  1172 | D:2      | Learned a level 3 spell: Confusing Touch
  1176 | D:2      | Learned a level 3 spell: Tukima's Dance
  1180 | D:2      | Learned a level 3 spell: Dazzling Flash
  1213 | D:2      | Reached skill level 1 in Invocations
  1388 | D:2      | Reached skill level 1 in Fighting
  1388 | D:2      | Reached skill level 1 in Long Blades
  1388 | D:2      | Reached skill level 1 in Axes
  1388 | D:2      | Reached skill level 1 in Maces & Flails
  1388 | D:2      | Reached skill level 1 in Polearms
  1388 | D:2      | Reached skill level 1 in Staves
  1388 | D:2      | Reached skill level 1 in Ranged Weapons
  1388 | D:2      | Reached skill level 1 in Throwing
  1388 | D:2      | Reached skill level 1 in Armour
  1388 | D:2      | Reached skill level 1 in Shields
  1388 | D:2      | Reached skill level 1 in Unarmed Combat
  1388 | D:2      | Reached skill level 1 in Evocations
  1772 | D:3      | Reached skill level 1 in Shapeshifting
  1772 | D:3      | Reached XP level 4. HP: 32/32 MP: 11/11
  2068 | D:3      | Reached skill level 1 in Conjurations
  2068 | D:3      | Reached skill level 1 in Summonings
  2068 | D:3      | Reached skill level 1 in Necromancy
  2068 | D:3      | Reached skill level 1 in Translocations
  2068 | D:3      | Reached skill level 1 in Fire Magic
  2068 | D:3      | Reached skill level 1 in Ice Magic
  2068 | D:3      | Reached skill level 1 in Air Magic
  2068 | D:3      | Reached skill level 1 in Earth Magic
  2068 | D:3      | Reached skill level 1 in Alchemy
  2265 | D:3      | Noticed Robin
  2670 | D:3      | Found a large runed translucent door.
  2671 | D:3      | Found a large runed translucent door.
  2752 | D:3      | Killed Robin
  2946 | D:3      | Noticed a scorpion
  2953 | D:3      | Killed a scorpion
  2954 | D:3      | Reached XP level 5. HP: 37/37 MP: 7/12
  3110 | D:3      | Noticed Skimidon's ghost (amateur FoAl)
  3216 | D:4      | Found a broken altar of Ashenzari.
  3489 | D:4      | Reached XP level 6. HP: 44/44 MP: 8/13
  3531 | D:4      | Noticed Grinder
  3551 | D:4      | Killed Grinder
  3552 | D:4      | Reached skill level 5 in Dodging
  3598 | D:4      | Found Pas Taebb's Assorted Antiques.
  3646 | D:4      | Reached XP level 7. HP: 49/51 MP: 8/15
  3729 | D:4      | Found a bloodstained altar of Trog.
  3914 | D:4      | Noticed Dowan
  3915 | D:4      | Noticed Duvessa
  3972 | D:4      | Killed Duvessa
  3974 | D:4      | Slain by Dowan

Illustrated notes

Levels and vault maps discovered:
D:1:      roderic_chinese_lattice_arrival, layout_loops_ring,
          shapermc_ecumenical_altar_mp_highgroup
D:2:      layout_loops_ring
D:3:      layout_loops_corners, ebering_ghost_disaster_area, uniq_robin
D:4:      layout_basic, nicolae_ashenzari_panopticon, trog_hazing_becter,
          serial_shops, shop, uniq_duvessa, uniq_grinder

Skill      XL: |  1  2  3  4  5  6  7 |
---------------+----------------------+-----
Stealth        | 6 |  6.5
Spellcasting   | 5 |  5.6
Invocations    | 1 2 |  2.9
Fighting       | 1 2 |  2.6
Long Blades    | 1 2 |  2.6
Axes           | 1 2 |  2.6
Maces & Flails | 1 2 |  2.6
Polearms       | 1 2 |  2.6
Staves         | 1 2 |  2.6
Ranged Weapons | 1 2 |  2.6
Throwing       | 1 2 |  2.6
Armour         | 1 2 |  2.6
Shields        | 1 2 |  2.6
Unarmed Combat | 1 2 |  2.6
Evocations     | 1 2 |  2.6
Shapeshifting  | 1 2 |  2.3
Conjurations   | 1 2 |  2.1
Summonings     | 1 2 |  2.1
Necromancy     | 1 2 |  2.1
Translocations | 1 2 |  2.1
Fire Magic     | 1 2 |  2.1
Ice Magic      | 1 2 |  2.1
Air Magic      | 1 2 |  2.1
Earth Magic    | 1 2 |  2.1
Alchemy        | 1 2 |  2.1
Short Blades   | 3 |  3.7
Dodging        | 5 |  5.3
Hexes          | |  5.9

Action                     |  1- 3 |  4- 6 |  7- 9 || total
---------------------------+-------+-------+-------++-------
  Melee: Dagger            |    43 |    75 |       ||   118
         Bite              |       |    13 |     5 ||    18
         Rapier            |       |    32 |    50 ||    82
         Punch             |       |     2 |     2 ||     4
   Cast: Ensorcelled Hiber |    20 |    43 |       ||    63
         Tukima's Dance    |       |       |     3 ||     3
         Confusing Touch   |       |       |     2 ||     2
    Use: Potion            |       |     1 |     1 ||     2
   Stab: Sleeping          |    23 |    30 |     1 ||    54
         Distracted        |       |     1 |       ||     1
         Invisible         |       |     1 |       ||     1
         Confused          |       |       |     1 ||     1
 Armour: Robe              |    27 |    42 |    25 ||    94
  Dodge: Dodged            |    28 |    49 |    40 ||   117
